 Dungeon Crawl Stone Soup version 0.28-a0-589-g333b8329f1 (webtiles) character file.

Game seed: 11313342861736418263

122 jasper the Twirler (level 4, 0/35 HPs)
             Began as a Demonspawn Cinder Acolyte on Oct 3, 2021.
             Was a High Priest of Ignis.
             Slain by an iguana (5 damage)
             ... on level 4 of the Dungeon.
             The game lasted 00:06:34 (3626 turns).

jasper the Twirler (Demonspawn Cinder Acolyte)      Turns: 3626, Time: 00:06:35

Health: 0/35       AC:  5    Str: 14    XL:     4   Next: 78%
Magic:  3/5        EV: 10    Int: 16    God:    Ignis [*****.]
Gold:   103        SH:  0    Dex:  9    Spells: 3/5 levels left

rFire   + . .      SeeInvis .   a - +0 spear (flame)
rCold   . . .      Faith    .   (no shield)
rNeg    . . .      Spirit   .   c - +0 ring mail
rPois   .          Reflect  .   (helmet restricted)
rElec   .          Harm     .   (no cloak)
rCorr   .          Rampage  .   (no gloves)
Will    .....                   (no boots)
Stlth   ..........              (no amulet)
HPRegen 0.11/turn               (no ring)
MPRegen 0.09/turn               (no ring)

@: no status effects
A: antennae 1, powered by pain 1
a: Renounce Religion, Sea of Fire, Foxfire Swarm, Rising Flame


You were on level 4 of the Dungeon.
You worshipped Ignis.
Ignis was extremely pleased with you.
You visited 1 branch of the dungeon, and saw 4 of its levels.

You collected 103 gold pieces.

Inventory:

Hand Weapons
 a - a +0 spear of flaming (weapon)
 e - a +2 dagger of draining
Missiles
 f - 146 stones (quivered)
 j - 29 bolts
 p - 3 javelins
Armour
 b - a +0 robe
 c - a +0 ring mail (worn)
Jewellery
 d - an amulet of guardian spirit
Scrolls
 i - a scroll of enchant weapon
 k - a scroll of enchant armour {unknown}


   Skills:
 - Level 3.0 Fighting
 - Level 2.6(3.8) Polearms
 + Level 4.1(4.5) Staves
 - Level 1.0 Spellcasting
 - Level 2.6 Fire Magic


You had 3 spell levels left.
You knew the following spells:

 Your Spells              Type           Power      Damage    Failure   Level
a - Scorch                Fire           18%        2d5       24%         2

Your spell library contained the following spells:

 Spells                   Type           Power      Damage    Failure   Level


Dungeon Overview and Level Annotations

Branches:
Dungeon (4/15)
 Temple: D:4-7

Altars:
Sif Muna
Trog

Annotations:
D:3 2 transporters, KoroneIsBestGirl's ghost, weakling OgBe


Innate Abilities, Weirdness & Mutations

You have a pair of small antennae on your head.
You sometimes gain a little power by taking damage.


Message History

Flames lash the iguana.
The iguana is severely wounded.
The iguana's fire resistance burns away.
You now have 3/5 mp.
You barely miss the iguana.
The iguana is severely wounded.
The iguana bites you!
You focus on the pain.
You feel your power returning.
You take 9 damage, and have 26/35 hp.
MASSIVE DAMAGE!!
MP restored: 5 You hit the iguana but do no damage.
The iguana is severely wounded.
The iguana closely misses you.
You closely miss the iguana.
The iguana is severely wounded.
The iguana bites you.
You take 2 damage, and have 24/35 hp.
You barely miss the iguana.
The iguana is severely wounded.
The iguana barely misses you.
You hit the iguana but do no damage.
The iguana is severely wounded.
The iguana bites you!
You take 9 damage, and have 15/35 hp.
MASSIVE DAMAGE!!
You barely miss the iguana.
The iguana is severely wounded.
The iguana is no longer more vulnerable to fire.
The iguana bites you!
* * * LOW HITPOINT WARNING * * *
You take 10 damage, and have 5/35 hp.
MASSIVE DAMAGE!!
Casting: Scorch (dangerous; 24% risk of failure)
Confirm with . or Enter, or press ? or * to list all spells.
Flames lash the iguana.
The iguana is severely wounded.
The iguana's fire resistance burns away.
The iguana closely misses you.
You now have 3/5 mp.
You hit the iguana but do no damage.
The iguana is severely wounded.
The iguana bites you.
You die...

###########
#..@l.(((.(
#.#########
#.# #.# #.#
##### #.#
#...#######
#.#
#.#........
#.#
####.#.#######
##.#
#....#....#


You could see an iguana (combustible).

Vanquished Creatures
  An orc priest (D:3)
  3 adders (D:2)
  7 worms
  2 dart slugs (D:3)
  A ball python (D:4)
  5 endoplasms
  A giant cockroach (D:1)
  A goblin (D:2)
  3 hobgoblins
  6 jackals
  5 kobolds
  3 bats
  A frilled lizard (D:2)
  4 rats
43 creatures vanquished.

Vanquished Creatures (others)
  27 foxfires
  9 plants (D:3)
36 creatures vanquished.

Grand Total: 79 creatures vanquished

Notes
Turn   | Place    | Note
-------+----------+-------------------------------------------
     0 | D:1      | jasper the Demonspawn Cinder Acolyte began the quest for
                  | the Orb.
     0 | D:1      | Reached XP level 1. HP: 18/18 MP: 2/2
    93 | D:1      | Found a faded altar of an unknown god.
   202 | D:1      | Reached skill level 1 in Staves
   229 | D:1      | Gained mutation: You sometimes gain a little power by
                  | taking damage. [demonic ancestry]
   229 | D:1      | Reached XP level 2. HP: 22/24 MP: 3/3
   392 | D:1      | Learned a level 2 spell: Scorch
   683 | D:2      | Reached skill level 2 in Staves
   915 | D:2      | Reached XP level 3. HP: 11/29 MP: 4/4
  1508 | D:2      | Reached skill level 3 in Staves
  1724 | D:2      | Found a shimmering blue altar of Sif Muna.
  1760 | D:2      | Gained mutation: You have a pair of small antennae on your
                  | head. [demonic ancestry]
  1760 | D:2      | Reached XP level 4. HP: 35/35 MP: 0/5
  2233 | D:3      | Found a transporter.
  2233 | D:3      | Noticed KoroneIsBestGirl's ghost (weakling OgBe)
  2234 | D:3      | Noticed an ogre
  2235 | D:3      | Noticed an ogre
  2239 | D:3      | Found a transporter.
  2384 | D:3      | Found a bloodstained altar of Trog.
  2773 | D:3      | Reached skill level 4 in Staves
  3626 | D:4      | Slain by an iguana

Illustrated notes

Levels and vault maps discovered:
D:1:      mrwooster_arrival_statue_3, layout_rooms,
          shapermc_ecumenical_altar_mp_ritualfount, supply_closet_lemuel,
          corexii_hall_statues_l, chequers_decorated_corner
D:2:      layout_basic, basic_altar
D:3:      layout_loops_corners, lemuel_crystal_altar, gammafunk_ghost_smash,
          serial_bayou_lagoon_a, patterned_corridor
D:4:      layout_loops_ring, lemuel_temple_firewalk_b,
          chequers_serial_rivers_marsh, minmay_small_thing

Skill      XL: |  1  2  3  4 |
---------------+-------------+-----
Staves         | 1 2 3 4 |  4.1
Fighting       | |  3.0
Polearms       | |  2.6
Spellcasting   | |  1.0
Fire Magic     | |  2.6

Action                   |  1- 3 |  4- 6 || total
-------------------------+-------+-------++-------
Melee: Spear             |   108 |    69 ||   177
Throw: Stone             |     6 |    11 ||    17
       Boomerang         |    32 |     8 ||    40
 Cast: Scorch            |     6 |    10 ||    16
Invok: Foxfire Swarm     |     2 |       ||     2
  Use: Scroll            |       |    12 ||    12
       Potion            |       |     3 ||     3
Armor: Ring mail         |    32 |    11 ||    43
Dodge: Dodged            |    40 |    27 ||    67

Table legend: (Time is in decaauts)
 A = Elapsed time spent in this place.
 B = Non-inter-level travel time spent in this place.
 C = Inter-level travel time spent in this place.
 D = Time resting spent in this place.
 E = Time spent auto-exploring this place.
 F = Levels seen in this place.
 G = Mean time per level.
                   A        B        C        D        E       F      G
               +--------+--------+--------+--------+--------+-----+--------+
         Total |   3633 |   3492 |    141 |    551 |   2397 |   4 |  908.2 |
       Dungeon |   3633 |   3492 |    141 |    551 |   2397 |   4 |  908.2 |
               +--------+--------+--------+--------+--------+-----+--------+

Top non-repeatable levels by time:
     D:2: 1796 daAuts
     D:3: 732 daAuts
     D:1: 666 daAuts
     D:4: 436 daAuts
